Map: Pillars of Gold LE

Players

Robbie (Rob)

  • Race: Protoss Protoss
  • League: Grandmaster
  • Spawn Location: 7:00

PiLiPiLi - Winner!

  • Race: Protoss Protoss
  • League: Grandmaster
  • Spawn Location: 1:00

Event: DreamHack SC2 Masters 2020 Fall

VOD

Have the link to the VOD?

Description

Time

  • Played on: Sept. 1, 2020, 5:14 p.m.
  • Length: 5:13

All games in this series

Show
View Real Time Build Order
Export as new Build Order

Robbie Protoss 

Build Orders:  

Get SALT Encoding   

  12  0:00  Probe  
  13  0:12  Probe  
  14  0:18  Pylon  
  14  0:24  Probe (Chrono Boost)  
  15  0:37  Probe (Chrono Boost)  
  15  0:40  Gateway  
  16  0:45  Probe (Chrono Boost)  
  16  0:49  Assimilator  
  17  0:51  Probe  
  18  0:57  Assimilator  
  18  1:03  Probe  
  19  1:09  Gateway  
  19  1:15  Probe  
  20  1:27  Probe, Cybernetics Core  
  21  1:40  Probe  
  21  1:41  Pylon  
  22  1:52  Probe  
  23  2:03  Stargate  
  23  2:07  Adept x2 (Chrono Boost)  
  24  2:12  Warp Gate  
  27  2:18  Pylon  
  27  2:29  Adept x2  
  31  2:42  Void Ray (Chrono Boost)  
  35  2:56  Pylon  
  35  2:59  Adept  
  35  3:04  Adept  
  39  3:17  Void Ray (Chrono Boost)  
  43  3:31  Pylon  
  35  4:11  Probe  
  36  4:21  Shield Battery  
  36  4:23  Probe  
  33  4:35  Shield Battery, Probe  
  22  4:54  Probe  
Show
View Real Time Build Order
Export as new Build Order

PiLiPiLi Protoss - Winner!

Build Orders: Oracle Opening, Phoenix Opening 

Get SALT Encoding   

  12  0:00  Probe  
  13  0:12  Probe  
  14  0:17  Pylon  
  14  0:25  Probe (Chrono Boost)  
  15  0:37  Probe (Chrono Boost)  
  15  0:38  Gateway  
  16  0:45  Probe (Chrono Boost)  
  16  0:49  Assimilator  
  17  0:51  Probe  
  17  0:56  Assimilator  
  18  1:03  Probe (Chrono Boost)  
  19  1:09  Gateway  
  19  1:15  Probe (Chrono Boost)  
  20  1:23  Probe (Chrono Boost)  
  21  1:29  Cybernetics Core  
  21  1:33  Probe  
  22  1:43  Pylon  
  22  1:45  Probe  
  23  2:05  Stargate  
  23  2:07  Stalker  
  25  2:12  Stalker  
  25  2:14  Warp Gate (Chrono Boost)  
  27  2:19  Probe  
  28  2:27  Pylon  
  27  2:37  Stalker  
  29  2:47  Oracle (Chrono Boost)  
  32  2:51  Probe  
  33  3:02  Shield Battery  
  33  3:06  Shield Battery  
  33  3:14  Probe  
  33  3:19  Shield Battery  
  34  3:26  Probe  
  35  3:36  Pylon  
  35  3:40  Shield Battery  
  33  3:51  Phoenix, Gateway  
  35  3:56  Stalker  
  35  3:58  Stalker  
  39  4:17  Shield Battery  
  38  4:32  Pylon  
  35  4:46  Pylon  
  35  4:47  Phoenix  
  35  4:48  Stalker  
  35  4:50  Pylon  
  39  4:54  Stalker  
  41  5:03  Stalker  

Tags
 
Add a new tag
Caveats
  • Supply blocks, unpowered buildings, or Contaminate may cause inaccurate times.
  • Supply counts are checked every 10 seconds.